 Dungeon Crawl Stone Soup version 0.31-a0-963-ga325b2283a (webtiles) character file.

Game seed: 11920698168752853994

98 dialectric the Trooper (level 4, -1/24 HPs)
             Began as a Vine Stalker Fighter on Oct 24, 2023.
             Slain by an iguana (5 damage)
             ... on level 3 of the Dungeon.
             The game lasted 00:01:49 (1314 turns).

dialectric the Trooper (Vine Stalker Fighter)       Turns: 1314, Time: 00:01:49

Health: -1/24      AC:  8    Str: 21    XL:     4   Next: 71%
Magic:  0/5        EV:  9    Int:  8    God:
Gold:   176        SH:  4    Dex: 13    Spells: 3/3 levels left

rFire   . . .        a - +0 long sword
rCold   . . .        c - +0 buckler
rNeg    . . .        b - +0 scale mail
rPois   .            (no helmet)
rElec   .            (no cloak)
rCorr   .            (no gloves)
SInv    .            o - +1 pair of boots
Will    .....        (no amulet) Stlth
                     (no ring)
HPRegen 1.04/turn    (no ring)
MPRegen 0.09/turn

%: guardian spirit
@: no status effects
A: fangs 2, regeneration 1, magic shield, antimagic bite, no potion heal 2
a: no special abilities


You were on level 3 of the Dungeon.
You visited 1 branch of the dungeon, and saw 3 of its levels.

You collected 176 gold pieces.

Inventory:

Hand Weapons
 a - a +0 long sword (weapon)
Armour
 b - a +0 scale mail (worn)
 c - a +0 buckler (worn)
 o - a +1 pair of boots (worn)
 s - a +0 chain mail
Jewellery
 n - a ring of flight
 r - a ring of protection from fire
Talismans
 i - a dragon-blood talisman
Scrolls
 e - a scroll of vulnerability {unknown}
 f - 2 scrolls of identify {unknown}
 h - 2 scrolls of teleportation {unknown}
 j - a scroll of brand weapon {unknown}
 k - a scroll of amnesia {unknown}
 l - a scroll of enchant weapon {unknown}
 q - a scroll of noise {unknown}
Potions
 d - a potion of might
 g - a potion of berserk rage {unknown}
 m - 2 potions of brilliance {unknown}
 p - a potion of enlightenment {unknown}
 t - 2 potions of curing {unknown}


   Skills:
 + Level 3.1 Fighting
 + Level 2.8 Long Blades
 + Level 3.0 Armour
 * Level 1.0 Dodging
 - Level 3.0 Shields


You had 3 spell levels left.
You didn't know any spells.
Your spell library contained the following spells:

 Spells                   Type           Power      Damage    Failure   Level
 Poisonous Vapours        Pois/Air       0%         N/A       91%         2
 Mephitic Cloud           Conj/Pois/Air  0%         N/A       99%         3
 Manifold Assault         Tloc           0%         N/A       100%        4
 Freezing Cloud           Conj/Ice/Air   0%         6-21      100%        5
 Dispersal                Tloc           0%         N/A       100%        6
 Disjunction              Tloc           0%         N/A       100%        8


Dungeon Overview and Level Annotations

Branches:
Dungeon (3/15)

Altars:
Hepliaklqana

Shops:
D:2 :


Innate Abilities, Weirdness & Mutations

You have extremely sharp teeth.
Your natural rate of healing is unusually fast.
When hurt, damage is shared between your health and your magic reserves.
Your bite disrupts and absorbs the magic of your enemies.
Potions cannot restore your health.


Message History

The iguana bites you.
An orc comes into view. It is wielding a +0 mace.
You barely miss the iguana.
The orc shouts!
Your bite misses the iguana.
The iguana is lightly wounded.
You block the iguana's attack.
Unknown command.
You hit the iguana. You bite the iguana. You drain its power.
You feel invigorated.
The iguana is heavily wounded.
The iguana bites you! x2
* * * LOW HITPOINT WARNING * * *
Unknown command.
The iguana attacks as it pursues you! The iguana closely misses you.
The iguana attacks as it pursues you! The iguana closely misses you.
The iguana attacks as it pursues you! The iguana barely misses you.
The iguana attacks as it pursues you!
The iguana bites you but does no damage.
The iguana hisses menacingly.
The iguana hisses menacingly.
The iguana bites you!
You hit the iguana.
The iguana is moderately wounded.
The iguana closely misses you.
You hit the iguana.
The iguana is heavily wounded.
The iguana bites you! The iguana barely misses you.
You closely miss the iguana. You bite the iguana, but do no damage.
The iguana is heavily wounded.
The iguana barely misses you.
You barely miss the iguana.
The iguana is heavily wounded.
The iguana bites you.
You closely miss the iguana.
The iguana is heavily wounded.
The iguana bites you!
* * * LOW HITPOINT WARNING * * *
The iguana bites you.
You die...

#...........#
#..#.###.#..##
#..#.....#...#
#..#.._..#.#.#####
#..#...).#.......#
#..#.###.#....)..#
#................#
#..#######.......#
#..ool@...†......#
#.#S#####........#
#...# #....>...#
###.## #.<........
#..## #........##
##..########.###
##.o....# )..
##.o...# ###
#..o.S##


You could see an iguana, 2 orcs and a ball python.

Vanquished Creatures
  4 adders
  2 gnolls
  A worm (D:2)
  A dart slug (D:3)
  4 bats
  7 endoplasms
  2 giant cockroaches
  2 hobgoblins
  A quokka (D:1)
  4 ball pythons
  5 goblins
  2 kobolds
  3 rats (D:1)
38 creatures vanquished.

Notes
Turn   | Place    | Note
-------+----------+-------------------------------------------
     0 | D:1      | dialectric the Vine Stalker Fighter began the quest for the
                  | Orb.
     0 | D:1      | Reached XP level 1. HP: 11/11 MP: 2/2
   150 | D:1      | Reached XP level 2. HP: 16/16 MP: 3/3
   682 | D:2      | Reached XP level 3. HP: 20/20 MP: 4/4
   845 | D:2      | Found Modim's Book Boutique.
  1077 | D:3      | Reached XP level 4. HP: 24/24 MP: 5/5
  1166 | D:3      | Reached skill level 1 in Dodging
  1166 | D:3      | Found a hazy altar of Hepliaklqana.
  1314 | D:3      | Slain by an iguana

Illustrated notes

Levels and vault maps discovered:
D:1:      psy_arrival_whirlpool, layout_basic, amcnicky_mini_corridor_feature
D:2:      layout_rooms, serial_shops, shop, serial_bayou_ford_a
D:3:      layout_rooms, mainiacjoe_overflow_cross_hatched,
          minmay_gold_behind_fungi

Skill      XL: |  1  2  3  4 |
---------------+-------------+-----
Shields        | 3 |  3.0
Long Blades    | 2 |  2.8
Fighting       | 3 |  3.1
Dodging        | 1 |  1.0
Armour         | 3 |  3.0

Action                     |  1- 3 |  4- 6 || total
---------------------------+-------+-------++-------
  Melee: Long sword        |    75 |    25 ||   100
         Bite              |    13 |     6 ||    19
 Armour: Scale mail        |    67 |    24 ||    91
  Dodge: Dodged            |    30 |    11 ||    41
  Block: Buckler           |    18 |     8 ||    26

Table legend: (Time is in decaauts)
 A = Elapsed time spent in this place.
 B = Non-inter-level travel time spent in this place.
 C = Inter-level travel time spent in this place.
 D = Time resting spent in this place.
 E = Time spent auto-exploring this place.
 F = Levels seen in this place.
 G = Mean time per level.
                   A        B        C        D        E       F      G
               +--------+--------+--------+--------+--------+-----+--------+
         Total |   1356 |   1261 |     95 |      0 |    883 |   3 |  452.0 |
       Dungeon |   1356 |   1261 |     95 |      0 |    883 |   3 |  452.0 |
               +--------+--------+--------+--------+--------+-----+--------+

Top non-repeatable levels by time:
     D:1: 629 daAuts
     D:2: 473 daAuts
     D:3: 253 daAuts
